AoeStats
← Juanfreelance

Pilgrims

507203453Analyzed
2v2 RM · 15d ago on Sep 17, 2026· 39m 37s· 4 players
Game mode
Random Map
Map size
Medium (4 player)
Population
200
Speed
Normal
Resources
Standard
Victory
Conquest
Starting age
Dark Age
Ending age
Imperial Age
RankedLock teamsTeams togetherTeam positionsShared explorationLock speedFull tech treeHidden civsTurbo modeCheats
Victory
Defeat
🇦🇷 Japanese · Argentina
1333
+14
🇵🇦 Persians · Panama
1253
+17
🇺🇸 Armenians · United States
1289
-16
🇺🇸 Byzantines · United States
1263
-15
terrypk1
2:53 Loom
10:46 Feudal Age
11:28 Loom
12:17 Double-Bit Axe
15:57 Gold Mining
18:12 Castle Age
16:07 Fletching
16:08 Fishing Lines
18:20 Horse Collar
19:43 Bow Saw
20:30 Medium Warships
21:04 Wheelbarrow
20:50 Bodkin Arrow
26:41 Ballistics
30:50 Careening
30:57 Careening
30:59 Clinker Construction
34:06 Imperial Age
32:09 Stone Mining
33:30 Town Watch
35:23 Heavy Warships
35:10 Bracer
35:10 Scale Mail Armor
35:21 Forging
36:44 Chemistry
37:56 Gold Shaft Mining
37:12 Demolition Ship
38:58 Heavy Plow
40:18 Dry Dock
caesarcaesar
7:46 Loom
12:35 Feudal Age
13:34 Double-Bit Axe
19:37 Castle Age
21:49 Medium Warships
21:51 Fletching
23:07 Scale Mail Armor
27:20 Chain Mail Armor
26:33 Pikeman
32:27 Wheelbarrow
40:04 Hand Cart
Juanfreelance
6:25 Loom
11:39 Feudal Age
15:52 Castle Age
16:31 Husbandry
19:00 Light Cavalry
23:17 Wheelbarrow
23:16 Double-Bit Axe
25:42 Horse Collar
27:00 Gold Mining
27:50 Forging
28:31 Gold Shaft Mining
29:25 Hand Cart
33:56 Imperial Age
31:52 Bow Saw
33:03 Bloodlines
34:25 Iron Casting
33:55 Scale Barding Armor
34:35 Conscription
33:44 Cavalier
36:26 Fletching
36:41 Town Watch
38:42 Blast Furnace
38:02 Chain Barding Armor
38:43 Chain Barding Armor
38:51 Bodkin Arrow
38:59 Hussar
Juanki
4:57 Loom
11:13 Feudal Age
12:39 Wheelbarrow
12:06 Double-Bit Axe
18:11 Castle Age
17:46 Fletching
18:07 Forging
17:41 Fishing Lines
18:57 Bodkin Arrow
19:24 Medium Warships
20:34 Clinker Construction
20:44 Gillnets
21:50 Ballistics
22:38 Gold Mining
23:06 Careening
23:46 Bow Saw
26:22 Hand Cart
30:40 Town Watch
33:47 Imperial Age
32:26 Town Watch
33:01 Guard Tower
33:06 Murder Holes
32:51 Treadmill Crane
35:13 Heavy Warships
36:02 Chemistry
35:51 Padded Archer Armor
36:34 Iron Casting
38:56 Demolition Ship
Connection lost

Rejoining the realm…

Still unreachable

The connection could not be restored.

Session expired

The server has moved on; the page needs a fresh start.